 Dungeon Crawl Stone Soup version 0.17-a0-1567-gdd419b1 (webtiles) character file.

248 McCoppin the Skirmisher (level 5, 0/47 HPs)
             Began as a Demonspawn Monk on July 23, 2015.
             Succumbed to a kobold's poison
             ... on level 3 of the Dungeon.
             The game lasted 00:07:17 (2026 turns).

McCoppin the Skirmisher (Demonspawn Monk)           Turns: 2026, Time: 00:07:17

Health: 0/47       AC: 12    Str: 12    XL:     5   Next: 86%
Magic:  5/5        EV:  6    Int: 16    God:
Gold:   108        SH:  0    Dex: 16    Spells: 0 memorised, 4 levels left

rFire  . . .     SeeInvis .       - Unarmed
rCold  . . .     Clarity  .     j - +0 chain mail
rNeg   . . .     SustAt   +     (no shield)
rPois  .         Gourm    .     (helmet restricted)
rElec  .         Spirit   .     h - +0 cloak
rCorr  .         Warding  .     (no gloves)
rMut   .         Stasis   .     (no boots)
MR     .....                    f - amulet of faith
Stlth  ..........               m - ring of wizardry
                                r - ring of sustain attributes

@: brilliant, lethally poisoned (0 -> -3), very slightly contaminated,
invisible, not resistant to hostile enchantments, extremely unstealthy
A: antennae 1, thin metallic scales 2
a: no special abilities


You were on level 3 of the Dungeon.
You were not hungry.

You visited 1 branch of the dungeon, and saw 3 of its levels.

You collected 108 gold pieces.

Inventory:

Hand weapons
 c - a +0 club
Armour
 a - a +0 robe
 h - a +0 cloak (worn)
 j - a +0 chain mail (worn)
Jewellery
 f - an amulet of faith (around neck)
 m - a ring of wizardry (right hand)
 r - a ring of sustain attributes (left hand)
Magical devices
 s - a wand of digging (9)
Scrolls
 d - 2 scrolls of identify
 e - 2 scrolls of fog {unknown}
 g - a scroll of fear {unknown}
 k - a scroll of remove curse
 l - a scroll of enchant armour {unknown}
 q - a scroll of amnesia {unknown}
Comestibles
 b - 2 bread rations
 i - 4 fruits
 n - 3 beef jerkies
 o - a meat ration


   Skills:
 + Level 6.6 Fighting
 - Level 2.6 Dodging
 - Level 1.7 Stealth
 - Level 3.6 Unarmed Combat


You had 4 spell levels left.
You didn't know any spells.

Dungeon Overview and Level Annotations

Branches:
Dungeon (3/15)

Altars:
Ashenzari
Fedhas


Innate Abilities, Weirdness & Mutations

You have a pair of small antennae on your head.
You are mostly covered in thin metallic scales (AC +3).


Message History

You feel sick.
You see here a poisoned needle.
* * * LOW HITPOINT WARNING * * *
You feel sick.
* * * LOW HITPOINT WARNING * * *
You feel sick.
You see here a poisoned needle.
* * * LOW HITPOINT WARNING * * *
You feel sick.
You see here a poisoned needle.
* * * LOW HITPOINT WARNING * * *
You feel sick.
You see here a poisoned needle.
* * * LOW HITPOINT WARNING * * *
You feel sick.
You see here a poisoned needle.
* * * LOW HITPOINT WARNING * * *
You feel sick.
You see here a poisoned needle.
You die...

####### ## #.....# .
#.....# .# #.....#
##'####
#.)...######.....#
####(((..........# ...#
#...(.........+.......
#....@........#.......
#.....(##)....#.......
#......................
##.#.#..###......#.#...
#.#.#....#............
#.#.#..###............
#......# #.....†.....#
###### #.##+#...#..#
#####.........


There were no monsters in sight!

Vanquished Creatures
  The ghost of Ajdolov the Changer, an average NaTm (D:3)
  Ijyb (D:2)
  An orc wizard (D:3)
  5 adders
  5 orcs
  2 goblins
  7 hobgoblins
  6 jackals (D:2)
  15 kobolds
  2 ball pythons
  5 bats
  2 giant cockroaches
  A giant gecko (D:1)
  4 giant newts
  5 rats
62 creatures vanquished.

Notes
Turn   | Place    | Note
--------------------------------------------------------------
     0 | D:1      | McCoppin the Demonspawn Monk began the quest for the Orb.
     0 | D:1      | Reached XP level 1. HP: 18/18 MP: 1/1
   194 | D:1      | Gained mutation: You are partially covered in thin metallic scales (AC +2). [demonic ancestry]
   194 | D:1      | Reached XP level 2. HP: 4/24 MP: 2/2
   930 | D:2      | Reached skill level 4 in Fighting
   999 | D:2      | Gained mutation: You have a pair of small antennae on your head. [demonic ancestry]
   999 | D:2      | Reached XP level 3. HP: 26/30 MP: 3/3
  1133 | D:2      | Found a blossoming altar of Fedhas.
  1246 | D:2      | Noticed Ijyb
  1337 | D:2      | Killed Ijyb
  1337 | D:2      | Reached skill level 5 in Fighting
  1337 | D:2      | Reached XP level 4. HP: 28/39 MP: 4/4
  1509 | D:3      | Found a shattered altar of Ashenzari.
  1696 | D:3      | Noticed Ajdolov's ghost (average NaTm)
  1699 | D:3      | Gained mutation: You are mostly covered in thin metallic scales (AC +3). [demonic ancestry]
  1699 | D:3      | Reached XP level 5. HP: 44/46 MP: 5/5
  1774 | D:3      | Killed Ajdolov's ghost
  1774 | D:3      | Reached skill level 6 in Fighting
  2020 | D:3      | HP: 2/47 [poisoned by a kobold]
  2026 | D:3      | Succumbed to a kobold's poison

Vault maps used:
D:1:      dpeg_arrival_leaves_temple_mockup
D:2:      minmay_misc_feat_alley, fedhas_altar_1, uniq_iyjb
D:3:      old_standard_altar, first_bread, grunt_ministairs_13

Action                   |  1- 3 |  4- 6 || total
-------------------------+-------+-------++-------
Melee: Unarmed           |   214 |    99 ||   313
  Use: Potion            |       |     4 ||     4
       Scroll            |       |     1 ||     1
 Stab: Sleeping          |     1 |       ||     1
  Eat: Chunk             |     1 |       ||     1
       Bread ration      |       |     1 ||     1
